 Dungeon Crawl Stone Soup version 0.28.0-53-g5a82cb258f (webtiles) character file.

Game seed: 13220508546092306338

295 Eitelfritz the Covert (level 6, 0/37 HPs)
             Began as a Kobold Brigand on July 15, 2022.
             Slain by a ball python (1 damage)
             ... on level 3 of the Dungeon.
             The game lasted 00:09:08 (3559 turns).

Eitelfritz the Covert (Kobold Brigand)              Turns: 3559, Time: 00:09:08

Health: 0/37       AC:  3    Str:  8    XL:     6   Next: 61%
Magic:  6/6        EV: 16    Int: 12    God:
Gold:   64         SH:  0    Dex: 25    Spells: 5/5 levels left

rFire   . . .      SeeInvis .   a - +1 dagger (elec)
rCold   . . .      Faith    .   (no shield)
rNeg    . . .      Spirit   .   b - +0 robe
rPois   .          Reflect  .   (no helmet)
rElec   .          Harm     .   c - +0 cloak
rCorr   .          Rampage  .   (no gloves)
Will    .....                   (no boots)
Stlth   +++++.....              (no amulet)
HPRegen 0.12/turn               t - +6 ring of dexterity
MPRegen 0.10/turn               (no ring)

@: no status effects
A: small, no large weapons, nightstalker 3
a: no special abilities


You were on level 3 of the Dungeon.
You visited 1 branch of the dungeon, and saw 3 of its levels.

You collected 64 gold pieces.

Inventory:

Hand Weapons
 a - a +1 dagger of electrocution (weapon)
 n - a +2 whip of flaming
 o - a +2 dagger
 q - the +8 woodcutter's axe {vorpal}
   (You found it on level 2 of the Dungeon)

   It inflicts extra damage upon your enemies.
 u - a +0 short sword
 v - a +2 dagger of speed
Missiles
 d - 6 poisoned darts (quivered)
 e - 2 curare-tipped darts
 f - 2 boomerangs
 h - 3 atropa-tipped darts
 k - 50 stones
Armour
 b - a +0 robe (worn)
 c - a +0 cloak (worn)
Jewellery
 t - a +6 ring of dexterity (left hand)
Scrolls
 i - 3 scrolls of magic mapping {unknown}
 j - a scroll of noise {unknown}
 l - a scroll of fear {unknown}
 m - a scroll of teleportation {unknown}
 w - a scroll of enchant armour {unknown}
 x - a scroll of identify {unknown}
Potions
 g - a potion of berserk rage {unknown}
 p - a potion of curing {unknown}
 r - a potion of mutation {unknown}
 s - a potion of attraction {unknown}
 z - a potion of heal wounds {unknown}


   Skills:
 + Level 3.1 Fighting
 + Level 4.5 Short Blades
 + Level 3.1 Throwing
 + Level 2.6 Dodging
 + Level 8.0 Stealth


You had 5 spell levels left.
You didn't know any spells.
Your spell library contained the following spells:

 Spells                   Type           Power      Damage    Failure   Level
 Foxfire                  Conj/Fire      0%         2x1d4     32%         1
 Blink                    Tloc           0%         N/A       45%         2
 Mephitic Cloud           Conj/Pois/Air  0%         N/A       69%         3
 Manifold Assault         Tloc           0%         N/A       100%        5
 Malign Gateway           Summ/Tloc      0%         N/A       100%        7
 Storm Form               Tmut/Air       0%         N/A       100%        7
 Lehudib's Crystal Spear  Conj/Erth      0%         10d2      100%        8


Dungeon Overview and Level Annotations

Branches:
Dungeon (3/15)

Altars:

Shops:
D:1 =**[


Innate Abilities, Weirdness & Mutations

You are small and have problems with some larger weapons.
You are completely attuned to the shadows.


Message History

You hit the orc wizard.
The orc wizard is severely wounded.
The orc wizard misses you.
You hit the orc wizard but do no damage.
The orc wizard is severely wounded.
The orc wizard hits you with a +0 dagger.
* * * LOW HITPOINT WARNING * * *
You barely miss the orc wizard.
The orc wizard is severely wounded.
You barely miss the orc wizard.
The orc wizard is severely wounded.
The orc wizard mumbles some strange words.
The orc wizard flickers and vanishes!
Deactivating autopickup; reactivate with Ctrl-A.
You miss something. Something hits you.
* * * LOW HITPOINT WARNING * * *
You hit something. Something hits you.
* * * LOW HITPOINT WARNING * * *
You closely miss something. You hit something.
Lightning courses through something!
Reactivating autopickup.
You feel a bit more experienced.
You hit the ball python.
The ball python is moderately wounded.
The ball python closely misses you. The ball python completely misses you.
You closely miss the ball python.
The ball python is moderately wounded.
The ball python misses you. x2
You closely miss the ball python.
The ball python is moderately wounded.
The ball python completely misses you. x2
You closely miss the ball python.
The ball python is moderately wounded.
The ball python bites you.
* * * LOW HITPOINT WARNING * * *
The ball python closely misses you.
You hit the ball python.
The ball python is severely wounded.
The ball python bites you.
You die...

.....'...'.
.....#)..#
.....#†..#
'#####...# ##
########
#..#...#..#
#......#
#..'...'..#
#......##
####...####
#.......######..##
#........@S)†..##
#......#########
#......# ####.###
#.# ### #.#
...###### #.#
......... #.#
..#..... #.#
#.####


You could see a ball python.

Vanquished Creatures
  A gnoll sergeant (D:2)
  A centaur skeleton (D:2)
  2 orc wizards (D:3)
  4 gnolls (D:2)
  5 adders
  A worm (D:2)
  A dart slug (D:2)
  6 orcs (D:3)
  5 bats
  8 endoplasms (D:1)
  2 giant cockroaches
  A goblin (D:2)
  4 hobgoblins
  2 jackals (D:2)
  2 quokkas
  8 ball pythons
  3 frilled lizards
  3 kobolds
  5 rats
64 creatures vanquished.

Notes
Turn   | Place    | Note
-------+----------+-------------------------------------------
     0 | D:1      | Eitelfritz the Kobold Brigand began the quest for the Orb.
     0 | D:1      | Reached XP level 1. HP: 12/12 MP: 1/1
    74 | D:1      | Found Beanni's General Store.
    95 | D:1      | Reached XP level 2. HP: 17/17 MP: 2/2
   172 | D:1      | Found Qizodirph's Antique Armour Boutique.
   401 | D:1      | Found Woecom's Jewellery Shop.
   465 | D:1      | Found Caxtorch's General Store.
   519 | D:1      | Reached XP level 3. HP: 22/22 MP: 3/3
   532 | D:1      | Found a faded altar of an unknown god.
   540 | D:1      | Reached skill level 6 in Stealth
  1672 | D:2      | Reached XP level 4. HP: 27/27 MP: 4/4
  1868 | D:2      | Reached skill level 7 in Stealth
  2090 | D:2      | Reached XP level 5. HP: 26/31 MP: 5/5
  2316 | D:2      | Found the +8 woodcutter's axe {vorpal}
  2586 | D:2      | Reached XP level 6. HP: 17/36 MP: 6/6
  3425 | D:3      | Got the Reference Book on the Damaging Escort
  3529 | D:3      | Reached skill level 8 in Stealth
  3557 | D:3      | HP: 1/37 [ball python (2)]
  3559 | D:3      | Slain by a ball python

Illustrated notes

Levels and vault maps discovered:
D:1:      amcnicky_arrival_gap_in_the_tavern_cellar, layout_basic, serial_shops,
          shop_fountains, shop, nicolae_shop_trees, nicolae_square_shop,
          hellmonk_ecumenical_altar_slurped_away, minmay_pentomino_w2
D:2:      layout_basic, grunt_decor_arrowhead, pf_guarded_unrand_woodcutter
D:3:      layout_basic, minmay_snake_closets

Skill      XL: |  1  2  3  4  5  6 |
---------------+-------------------+-----
Short Blades   | 3 4 |  4.5
Stealth        | 6 7 8 |  8.0
Dodging        | 2 |  2.6
Fighting       | 3 |  3.1
Throwing       | 3 |  3.1

Action                   |  1- 3 |  4- 6 || total
-------------------------+-------+-------++-------
Melee: Dagger            |    76 |   148 ||   224
       Punch             |       |     2 ||     2
Throw: Dart              |     1 |    15 ||    16
 Stab: Sleeping          |    23 |     8 ||    31
       Distracted        |     1 |       ||     1
Armor: Robe              |     6 |    12 ||    18
Dodge: Dodged            |    36 |    80 ||   116
